 Dungeon Crawl Stone Soup version 0.28-a0-631-g0446da8ef9 (webtiles) character file.

Game seed: 2122933791604899607

988 bjtr the Conjurer (level 7, -6/50 HPs)
             Began as a Demigod Conjurer on Oct 9, 2021.
             Mangled by a vampire mosquito (9 damage)
             ... on level 6 of the Dungeon on Oct 10, 2021.
             The game lasted 00:17:02 (5607 turns).

bjtr the Conjurer (Demigod Conjurer)                Turns: 5607, Time: 00:17:03

Health: -6/50      AC: 10    Str:  8    XL:     7   Next: 65%
Magic:  11/18      EV: 10    Int: 28    God:
Gold:   319        SH:  0    Dex: 12    Spells: 13/16 levels left

rFire   . . .      SeeInvis .   F - +2 war axe (holy)
rCold   . . .      Faith    .   (no shield)
rNeg    . . .      Spirit   .   i - +0 ring mail
rPois   .          Reflect  .   r - +2 helmet
rElec   .          Harm     .   (no cloak)
rCorr   .          Rampage  .   m - +0 pair of gloves
Will    .....                   (no boots)
Stlth   +.........              s - amulet of the acrobat
HPRegen 0.16/turn               (no ring)
MPRegen 0.16/turn               (no ring)

@: no status effects
A: high mp 1, forlorn
a: no special abilities


You were on level 6 of the Dungeon.
You visited 1 branch of the dungeon, and saw 6 of its levels.

You collected 319 gold pieces.

Inventory:

Hand Weapons
 h - a +0 hunting sling
 j - a +0 whip
 q - a +0 short sword of speed
 u - a +0 hand axe
 z - a +0 spear
 C - a +0 trident
 F - a +2 war axe of holy wrath (weapon)
 G - a +2 flail of protection
 J - a +0 rapier
 K - a +0 quarterstaff
Missiles
 f - 2 datura-tipped darts
 k - 295 stones
 p - 60 bolts
 v - 23 sling bullets
 w - 6 boomerangs
 y - 2 boomerangs of dispersal
 D - 11 poisoned darts
 H - 2 silver boomerangs
Armour
 a - a +0 robe
 i - a +0 ring mail (worn)
 m - a +0 pair of gloves (worn)
 o - a +0 leather armour
 r - a +2 helmet (worn)
 I - a scarf of shadows
Magical Staves
 c - a staff of air
Jewellery
 s - an amulet of the acrobat (around neck)
Wands
 E - a wand of acid (4)
Scrolls
 d - a scroll of vulnerability
 g - a scroll of torment
 n - a scroll of fog
 A - 3 scrolls of teleportation
Potions
 b - a potion of mutation
 t - 3 potions of curing
 x - a potion of might {unknown}
 L - a potion of heal wounds {unknown}


   Skills:
 + Level 3.3 Armour
 + Level 2.3 Dodging
 - Level 1.7 Stealth
 * Level 5.3 Spellcasting
 + Level 6.0 Conjurations


You had 13 spell levels left.
You knew the following spells:

 Your Spells              Type           Power      Damage    Failure   Level
a - Magic Dart            Conj           100%       1d8       1%          1
b - Searing Ray           Conj           82%        2d7       2%          2

Your spell library contained the following spells:

 Spells                   Type           Power      Damage    Failure   Level
 Dazzling Flash           Conj/Hex       48%        N/A       16%         3
 Fulminant Prism          Conj/Hex       12%        3d9       47%         4
 Iskenderun's Mystic Bla  Conj/Tloc      24%        2d7       47%         4


Dungeon Overview and Level Annotations

Branches:
Dungeon (6/15)
 Temple: D:4-7

Annotations:
D:6 1 runed translucent door


Innate Abilities, Weirdness & Mutations

Your attributes grow dramatically as you level up.
You have an increased reservoir of magic. (+10% MP)
You shall have no god before yourself.


Message History

The orc priest is moderately wounded. (Press . to maintain the ray.)
The searing ray misses the orc priest.
The searing ray hits the orc priest!
The orc priest is almost dead.
The searing ray hits the orc.
The orc is almost dead.
The orc priest calls down the wrath of Beogh upon you.
Beogh smites you!
Unknown command.
The searing ray hits the orc priest.
The orc priest is severely wounded.
The searing ray hits the orc priest!
You kill the orc priest!
The searing ray hits the orc!
You kill the orc!
The orc priest mumbles some strange prayers to Beogh against you.
Beogh smites you!
* * * LOW HITPOINT WARNING * * *
The searing ray hits the orc priest!
You kill the orc priest!
The searing ray hits the vampire mosquito.
The vampire mosquito is lightly damaged.
The searing ray hits the vampire mosquito!
The vampire mosquito is moderately damaged.
You finish channelling your searing ray.
Casting: Searing Ray (safe; 2% risk of failure)
Confirm with . or Enter, or press ? or * to list all spells.
Aiming: Searing Ray (safe; 2% risk of failure)
Press: ? - help, Shift-Dir - straight line, f - vampire mosquito
Aim: a vampire mosquito (lightly damaged, 70% to hit)
The searing ray hits the vampire mosquito.
The vampire mosquito is moderately damaged.
The searing ray hits the vampire mosquito.
The vampire mosquito is moderately damaged. (Press . to maintain the ray.)
The vampire mosquito bites you!
* * * LOW HITPOINT WARNING * * *
The vampire mosquito draws strength from your injuries!
The vampire mosquito bites you!
You die...

o...# ....# ..o#
#..# .)# ####)#
#..#y# #..#y#
#..#@##########
#..#......#....
######..####...+≈≈≈≈
#.......#......#....
#..........#####
#.#.#.#"##.# #
#.#.#....#
#.#.###### #.#..


You could see 2 vampire mosquitoes and an orc.

Vanquished Creatures
  Grinder (D:5)
  Menkaure (D:5)
  2 ogres (D:5)
  A scorpion (D:5)
  2 hounds (D:5)
  2 orc priests (D:6)
  A jelly (D:5)
  A centaur skeleton (D:2)
  2 iguanas (D:5)
  2 orc wizards
  A howler monkey zombie (D:5)
  5 adders
  An adder skeleton (D:4)
  2 worms (D:2)
  2 dart slugs
  17 orcs
  A ball python (D:2)
  4 bats
  5 endoplasms
  3 giant cockroaches
  7 goblins
  3 hobgoblins
  2 jackals (D:1)
  4 quokkas
  A ball python zombie (D:2)
  5 frilled lizards
  A jackal zombie (D:2)
  6 kobolds
  7 rats
92 creatures vanquished.

Vanquished Creatures (others)
  A quokka (D:3)
  A withered plant (D:2)
2 creatures vanquished.

Grand Total: 94 creatures vanquished

Notes
Turn   | Place    | Note
-------+----------+-------------------------------------------
     0 | D:1      | bjtr the Demigod Conjurer began the quest for the Orb.
     0 | D:1      | Reached XP level 1. HP: 14/14 MP: 5/5
   229 | D:1      | Reached skill level 4 in Conjurations
   286 | D:1      | Reached XP level 2. HP: 20/20 MP: 4/7
   289 | D:1      | Learned a level 2 spell: Searing Ray
  1109 | D:2      | Reached XP level 3. HP: 22/26 MP: 2/9
  1569 | D:2      | Reached XP level 4. HP: 18/33 MP: 5/10
  2509 | D:3      | Reached skill level 5 in Conjurations
  3504 | D:4      | Reached XP level 5. HP: 38/38 MP: 8/12
  3507 | D:4      | Reached skill level 1 in Armour
  4026 | D:5      | Entered Level 5 of the Dungeon
  4031 | D:5      | Noticed Grinder
  4042 | D:5      | Killed Grinder
  4043 | D:5      | Reached XP level 6. HP: 37/45 MP: 4/15
  4615 | D:5      | Noticed Menkaure
  4617 | D:5      | Killed Menkaure
  4618 | D:5      | Reached XP level 7. HP: 50/50 MP: 15/17
  4965 | D:5      | Reached skill level 5 in Spellcasting
  5144 | D:5      | Reached skill level 6 in Conjurations
  5585 | D:6      | Found a runed translucent door.
  5607 | D:6      | Mangled by a vampire mosquito

Illustrated notes

Levels and vault maps discovered:
D:1:      tarquinn_simple_flora_water_e, layout_rooms,
          ebering_ecumenical_altar_abandoned
D:2:      layout_loops_corners, serial_undead, serial_undead_c, serial_undead_b,
          serial_undead_f, serial_undead_c
D:3:      layout_basic, elyvilon_altar_4, amcnicky_mini_rare_corridor_liquid
D:4:      layout_loops_ring, mainiacjoe_overflow_small_starburst
D:5:      layout_basic, nemelex_dance_club_becter, serial_park_tiny_2,
          kennysheep_generic_room_16, uniq_menkaure, uniq_grinder
D:6:      layout_basic, amcnicky_altar_gilded, xom_butterflies, temple_pool_b,
          ebering_ghost_reflecting_pool

Skill      XL: |  1  2  3  4  5  6  7 |
---------------+----------------------+-----
Conjurations   | 4 5 6 |  6.0
Spellcasting   | 2 3 4 5 |  5.3
Armour         | 2 3 |  3.3
Dodging        | 2 |  2.3
Stealth        | |  1.7

Action                   |  1- 3 |  4- 6 |  7- 9 || total
-------------------------+-------+-------+-------++-------
Melee: Staff             |    10 |       |       ||    10
       Short sword       |     5 |    39 |       ||    44
       War axe           |       |    12 |       ||    12
 Cast: Magic Dart        |    18 |       |       ||    18
       Searing Ray       |    16 |    33 |    11 ||    60
Evoke: Wand              |       |     6 |       ||     6
  Use: Scroll            |       |       |     8 ||     8
Armor: Ring mail         |     8 |    25 |       ||    33
Dodge: Dodged            |    13 |    41 |     2 ||    56

Table legend: (Time is in decaauts)
 A = Elapsed time spent in this place.
 B = Non-inter-level travel time spent in this place.
 C = Inter-level travel time spent in this place.
 D = Time resting spent in this place.
 E = Time spent auto-exploring this place.
 F = Levels seen in this place.
 G = Mean time per level.
                   A        B        C        D        E       F      G
               +--------+--------+--------+--------+--------+-----+--------+
         Total |   5601 |   5488 |    113 |    774 |   3944 |   6 |  933.5 |
       Dungeon |   5601 |   5488 |    113 |    774 |   3944 |   6 |  933.5 |
               +--------+--------+--------+--------+--------+-----+--------+

Top non-repeatable levels by time:
     D:5: 1533 daAuts
     D:2: 1511 daAuts
     D:3: 941 daAuts
     D:4: 846 daAuts
     D:1: 720 daAuts
     D:6: 47 daAuts
